 Dungeon Crawl Stone Soup version 0.18.1-50-g88ac8fd (webtiles) character file.

618 ololoev the Magician (level 7, 0/36 HPs)
             Began as a Deep Elf Fire Elementalist on Oct 26, 2016.
             Was an Initiate of Vehumet.
             Succumbed to a kobold's poison
             ... on level 6 of the Dungeon.
             The game lasted 00:09:02 (879 turns).

ololoev the Magician (Deep Elf Fire Elementalist)    Turns: 879, Time: 00:09:03

Health: 0/36       AC:  4    Str:  5    XL:     7   Next: 21%
Magic:  3/19       EV: 13    Int: 22    God:    Vehumet [......]
Gold:   108        SH:  0    Dex: 15    Spells: 4 memorised, 9 levels left

rFire  . . .     SeeInvis .     j - +2 short sword (venom)
rCold  . . .     Gourm    .     a - +0 robe
rNeg   . . .     Faith    .     (no shield)
rPois  .         Spirit   .     k - +0 helmet
rElec  .         Dismiss  .     (no cloak)
rCorr  .         Reflect  .     q - +0 pair of gloves
SustAt .         Harm     .     (no boots)
MR     .....                    (no amulet)
Stlth  ++........               (no ring)
                                (no ring)

@: lethally poisoned (0 -> -5), not resistant to hostile enchantments,
unstealthy
A: no striking features
a: Renounce Religion

Inventory:

Hand Weapons
 j - a +2 short sword of venom (weapon)
Armour
 a - a +0 robe (worn)
 k - a +0 helmet (worn)
 q - a +0 pair of gloves (worn)
Wands
 o - a wand of digging (5/24)
 p - a wand of lightning (1/15)
Scrolls
 d - 2 scrolls of identify {unknown}
 e - a scroll of remove curse {unknown}
 f - 2 scrolls of teleportation {unknown}
 h - a scroll of fog {unknown}
 i - a scroll of fear {unknown}
 l - 2 scrolls of noise {unknown}
Potions
 g - a potion of resistance
Books
 b - a book of Flames

   Spells                             Type                      Level
   a - Flame Tongue                   Conjuration/Fire             1
   b - Throw Flame                    Conjuration/Fire             2
   c - Conjure Flame                  Conjuration/Fire             3
   d - Inner Flame                    Hexes/Fire                   3
   e - Sticky Flame                   Conjuration/Fire             4
   f - Fireball                       Conjuration/Fire             5
Comestibles
 c - 3 bread rations
 m - a meat ration


   Skills:
 - Level 2.4 Dodging
 - Level 2.4 Stealth
 + Level 7.0 Spellcasting
 + Level 4.8 Conjurations
 + Level 5.7 Fire Magic


You had 9 spell levels left.
You knew the following spells:

 Your Spells              Type           Power        Failure   Level  Hunger
a - Flame Tongue          Conj/Fire      ####.        1%          1    None
b - Conjure Flame         Conj/Fire      ####....     2%          3    None
c - Sticky Flame          Conj/Fire      ####....     12%         4    ###....
e - Inner Flame           Hex/Fire       ###.....     10%         3    None


You were on level 6 of the Dungeon.
You worshipped Vehumet.
Vehumet was noncommittal.
You were hungry.

You visited 2 branches of the dungeon, and saw 8 of its levels.

You collected 108 gold pieces.

#.#.. #.### #.###
####### #.... .....#
#.... ...# #.#..
####.############.#.#
#.......##...........
.....#@##.##.######.#.#
.## #.##.##.# #....
..#.....# ###.#
.####.#### #.# #. ###
#.# . #.# ## ...

Notes
Turn   | Place    | Note
--------------------------------------------------------------
     0 | D:1      | ololoev the Deep Elf Fire Elementalist began the quest for the Orb.
     0 | D:1      | Reached XP level 1. HP: 10/10 MP: 6/6
   137 | D:1      | Reached XP level 2. HP: 9/15 MP: 0/8
   355 | D:4      | Noticed a scorpion
   365 | D:4      | Killed a scorpion
   365 | D:4      | Reached skill level 4 in Spellcasting
   365 | D:4      | Reached XP level 3. HP: 19/19 MP: 0/11
   370 | D:4      | Learned a level 3 spell: Conjure Flame
   374 | D:4      | Learned a level 3 spell: Inner Flame
   422 | D:5      | Entered Level 5 of the Dungeon
   425 | D:5      | Found a staircase to the Ecumenical Temple.
   432 | Temple   | Entered the Ecumenical Temple
   440 | Temple   | Became a worshipper of Vehumet
   469 | D:5      | Iwannabefree: ohayou
   469 | D:5      | ololoev: yo
   481 | D:5      | Reached XP level 4. HP: 24/24 MP: 1/12
   489 | D:5      | Learned a level 4 spell: Sticky Flame
   569 | D:4      | Found a burning altar of Makhleb.
   665 | D:5      | Iwannabefree: why 0.18
   669 | D:5      | ololoev: dunno
   669 | D:5      | ololoev: wanted old sif
   690 | D:5      | Noticed Edmund
   693 | D:5      | Iwannabefree: >>picked veh
   696 | D:5      | Iwannabefree: kek
   696 | D:5      | ololoev: no sif in temple
   704 | D:5      | Killed Edmund
   704 | D:5      | Reached skill level 5 in Spellcasting
   704 | D:5      | Reached XP level 5. HP: 22/28 MP: 9/15
   722 | D:5      | Iwannabefree: and what
   733 | D:5      | ololoev: no time to search
   754 | D:6      | Noticed Grinder
   767 | D:6      | Iwannabefree: a
   769 | D:6      | Iwannabefree: mam speedrun
   772 | D:6      | Killed Grinder
   772 | D:6      | Reached skill level 6 in Spellcasting
   772 | D:6      | Reached skill level 5 in Fire Magic
   772 | D:6      | Reached XP level 6. HP: 25/32 MP: 7/17
   817 | D:6      | Noticed Menkaure
   822 | D:6      | ololoev: not cool
   825 | D:6      | Killed Menkaure
   825 | D:6      | Reached XP level 7. HP: 25/36 MP: 1/19
   870 | D:7      | Reached skill level 7 in Spellcasting
   878 | D:7      | HP: 1/36 [centaur skeleton (2)]
   879 | D:6      | Succumbed to a kobold's poison

Dungeon Overview and Level Annotations

Branches:
Dungeon (7/15)             Temple (1/1) D:5

Altars:
Ashenzari
Cheibriados
Dithmenos
Elyvilon
Kikubaaqudgha
Makhleb
Nemelex Xobeh
Okawaru
Pakellas
Qazlal
Ru
Trog
Vehumet
Xom
Yredelemnul
The Shining One


Message History

Unknown command.
You now have 95 gold pieces (gained 14).
Found a stone staircase leading down.
There is a stone staircase leading down here.
You climb downwards.
Found 13 gold pieces.
There is a stone staircase leading up here.
Your magical contamination has completely faded away.
You now have 108 gold pieces (gained 13).
You start to feel less resistant. 2 kobolds come into view.
Your resistance to elements expires.
The kobold shouts!
The kobold wields a blowgun.
The kobold shoots a poisoned needle.
The poisoned needle hits you!
You are poisoned.
You see here a poisoned needle.
A hound comes into view.
You feel sick.
A centaur skeleton comes into view.
You feel sick.
The hound barks!
A worker ant zombie comes into view.
Casting: Sticky Flame
Confirm with . or Enter, or press ? or * to list all spells.
Aiming: Conjure Flame
Press: ? - help, Dir - move target cursor The fire roars!
You feel sick. The hound bites you.
The worker ant zombie is engulfed in roaring flames.
The worker ant zombie waves its antennae.
The worker ant zombie barely misses you.
A wight comes into view. It is wielding an enchanted spear.
Casting: Conjure Flame
Confirm with . or Enter, or press ? or * to list all spells.
Aiming: Sticky Flame
Press: ? - help, Shift-Dir - straight line, f - hound
Aim: a hound The sticky flame hits the hound.
The hound is heavily wounded.
The hound is covered in liquid flames!
The hound burns!
The hound closely misses you.
The worker ant zombie is engulfed in roaring flames.
You destroy the worker ant zombie!
Vehumet accepts your kill.
A wight comes into view. It is wielding an enchanted spear.
You feel sick.
The hound burns!
The hound bites you. x2
The kobold shoots a poisoned needle.
The poisoned needle hits you!
You are more poisoned.
You see here a poisoned needle.
Unknown command.
A kobold comes into view. It is wielding a dagger.
You are feeling hungry.
You feel sick.
The hound burns!
You kill the hound!
Vehumet accepts your kill.
Your Spellcasting skill increases to level 7!
The kobold shoots a poisoned needle.
The poisoned needle closely misses you.
The kobold moves out of view.
The centaur skeleton hits you.
Unknown command.
A giant newt comes into view.
You feel sick.
The giant newt moves out of view.
The wight barely misses you.
The kobold unwields an uncursed blowgun.
The kobold closely misses you.
A kobold comes into view.
You feel sick. The wight completely misses you.
A kobold comes into view.
The wight closely misses you.
The kobold moves out of view.
A hound comes into view.
You feel sick.
The centaur skeleton closely misses you.
You feel sick.
You feel sick.
The kobold wields an uncursed blowgun.
The kobold shoots a poisoned needle.
The poisoned needle barely misses you.
There is a stone staircase leading up here.
You feel sick. The centaur skeleton hits you! The wight closely misses you.
The centaur skeleton hits you.
You climb upwards.
You die...

There were no monsters in sight!

Vanquished Creatures
  Grinder (D:6)
  Menkaure (D:6)
  Edmund (D:5)
  A scorpion (D:4)
  A howler monkey (D:6)
  A hound (D:7)
  An iguana (D:5)
  A worker ant zombie (D:7)
  A shadow imp (D:5)
  An ooze (D:6)
  2 giant geckos (D:1)
  2 orcs
  4 hobgoblins (D:1)
  2 jackals
  A quokka (D:5)
  A kobold (D:1)
  A quokka skeleton (D:6)
  4 rats
27 creatures vanquished.

Action                   |  1- 3 |  4- 6 |  7- 9 || total
-------------------------+-------+-------+-------++-------
Melee: Short sword       |       |     2 |       ||     2
 Cast: Flame Tongue      |    36 |    15 |       ||    51
       Conjure Flame     |     1 |     1 |     1 ||     3
       Sticky Flame      |       |     4 |     1 ||     5
Evoke: Wand              |       |       |     1 ||     1
  Use: Potion            |       |     2 |       ||     2
 Stab: Sleeping          |       |     1 |       ||     1
Armor: Robe              |     5 |     2 |       ||     7
Dodge: Dodged            |    15 |     3 |    10 ||    28

Vault maps used:
D:1:      scummos_arrival_gate, minmay_gold_behind_fungi, minivault_19,
          st_stairs_7, hex_medium
D:2:      lemuel_blue_sif_altar, hangedman_decor_push
D:3:      lemuel_castle_with_subvaults, ecumenical_altar_1
D:4:      zin_angel, nicolae_overflow_hidden_temple, lemuel_round_altar,
          first_bread
D:5:      minmay_temple_entry_trees, grunt_tough_drop, uniq_edmund
D:6:      fedhas_altar_fruit_tree, serial_glass, glass_columns_a,
          glass_columns_a, glass_columns_a, glass_columns_b, glass_columns_a,
          glass_columns_b, glass_columns_a, glass_columns_b, glass_columns_b,
          glass_columns_a, minivault_22, kennysheep_generic_room_9,
          uniq_menkaure, uniq_grinder
D:7:      serial_undead, serial_undead_a, serial_undead_b, serial_undead_f,
          serial_undead_e, serial_undead_c, serial_undead_b, serial_undead_b,
          serial_undead_f, kennysheep_pointless_box, uniq_duvessa, uniq_joseph
Temple:   nicolae_temple_no_exploring_needed
